 Dungeon Crawl Stone Soup version 0.28.0 (webtiles) character file.

Game seed: 14853670082489011145

6971 LustLizard the Cleaver (level 10, -10/132 HPs)
             Began as a Minotaur Berserker on Feb 7, 2022.
             Was a Priest of Trog.
             Mangled by a vampire (11 damage)
             ... on level 10 of the Dungeon.
             The game lasted 00:20:57 (13756 turns).

LustLizard the Cleaver (Minotaur Berserker)        Turns: 13756, Time: 00:20:58

Health: -10/132    AC: 12    Str: 25    XL:     10   Next: 81%
Magic:  9/9        EV:  8    Int:  6    God:    Trog [***...]
Gold:   523        SH:  5    Dex:  9    Spells: 9/9 levels left

rFire   . . .      SeeInvis .   J - +4 war axe
rCold   . . .      Faith    .   i - +0 buckler
rNeg    . . .      Spirit   .   S - +0 chain mail
rPois   +          Reflect  .   (helmet restricted)
rElec   .          Harm     .   w - +1 cloak {rPois}
rCorr   .          Rampage  .   H - +0 pair of gloves
Will    .....                   (no boots)
Stlth   ..........              (no amulet)
HPRegen 0.32/turn               (no ring)
MPRegen 0.11/turn               (no ring)

@: berserking, very quick
A: horns 2, retaliatory headbutt
a: Renounce Religion, Berserk, Trog's Hand


You were on level 10 of the Dungeon.
You worshipped Trog.
Trog was most pleased with you.
You visited 1 branch of the dungeon, and saw 12 of its levels.

You collected 718 gold pieces.
You spent 195 gold pieces at shops.

Inventory:

Hand Weapons
 a - a +0 hand axe
 n - a +2 mace of holy wrath
 G - a +2 hand axe of electrocution
 J - a +4 war axe (weapon)
Missiles
 j - 337 stones (quivered)
 o - 2 throwing nets
 t - 11 poisoned darts
 y - 6 javelins
 R - 2 boomerangs
 T - 5 silver javelins
Armour
 b - a +0 animal skin
 e - a +0 ring mail
 i - a +0 buckler (worn)
 l - a +0 scale mail
 w - a +1 cloak of poison resistance (worn)
 H - a +0 pair of gloves (worn)
 K - a +0 kite shield
 S - a +0 chain mail (worn)
Jewellery
 M - an amulet of magic regeneration
Wands
 g - a wand of iceblast (13)
 D - a wand of charming (13)
 F - a wand of flame (24)
 I - a wand of digging (10)
Scrolls
 c - a scroll of immolation
 h - a scroll of summoning
 m - a scroll of acquirement {unknown}
 p - a scroll of noise
 q - 2 scrolls of blinking {unknown}
 r - 3 scrolls of fear {unknown}
 B - 2 scrolls of teleportation
 E - 3 scrolls of enchant armour {unknown}
 O - a scroll of amnesia {unknown}
 P - 3 scrolls of identify
 Q - a scroll of magic mapping {unknown}
 U - a scroll of fog {unknown}
Potions
 d - 2 potions of mutation
 f - 3 potions of haste
 k - 2 potions of resistance {unknown}
 s - a potion of lignification
 u - a potion of degeneration
 v - a potion of flight
 x - a potion of magic
 z - 2 potions of cancellation
 A - 2 potions of curing
 C - 2 potions of invisibility
 L - a potion of brilliance {unknown}
 N - a potion of might {unknown}
 V - a potion of berserk rage {unknown}
 W - a potion of heal wounds {unknown}


   Skills:
 + Level 8.0 Fighting
 * Level 10.8 Axes
 * Level 8.3 Throwing
 - Level 2.4 Armour
 - Level 2.1 Dodging
 + Level 8.5 Shields
 * Level 6.3 Evocations


You had 9 spell levels left.
You didn't know any spells.
Your spell library was empty.

Dungeon Overview and Level Annotations

Branches:
Dungeon (12/15)            Temple (0/1) D:6             Orc (0/2) D:12
   Lair: D:8-11

Altars:
Gozag
Hepliaklqana
Makhleb
Nemelex Xobeh
Uskayaw
Zin
The Shining One

Shops:
D:5 ?


Innate Abilities, Weirdness & Mutations

You have a pair of horns on your head.
You reflexively headbutt those who attack you in melee.


Message History

Something bites you.
Something draws strength from your injuries!
You closely miss something. Something hits you but does no damage.
Something bites you but does no damage.
You closely miss something. Something hits you but does no damage.
Something bites you.
Something draws strength from your injuries!
You closely miss something. Something hits you but does no damage.
Something bites you.
Something draws strength from your injuries!
You barely miss something. Your headbutt misses something.
You hear some strange, mumbled words.
Something tries to affect you, but you resist.
You slice something!! You headbutt something.
Something draws life force from you!
You slash something! Your headbutt misses something.
Something hits you but does no damage. Something bites you but does no damage.
You barely miss something. You headbutt something.
Something draws life force from you!
You hit something. Something hits you but does no damage. Something bites you!
Something draws strength from your injuries!
You barely miss something. Something hits you!
* * * LOW HITPOINT WARNING * * *
Something bites you!
* * * LOW HITPOINT WARNING * * *
Something draws strength from your injuries!
A red film seems to cover your vision as you go berserk!
You feel yourself moving faster!
You feel mighty! Something hits you.
* * * LOW HITPOINT WARNING * * *
Something bites you.
* * * LOW HITPOINT WARNING * * *
Something draws strength from your injuries!
You barely miss something. Your headbutt misses something.
You barely miss something. Something hits you.
* * * LOW HITPOINT WARNING * * *
Something bites you.
* * * LOW HITPOINT WARNING * * *
Something draws strength from your injuries!
You barely miss something. Something hits you!
You die...

### #... .....
......###########
.._...{@........#
......#...####..#
..... ##..# #..#
#... #..# #..#
### #..# #..#
#..# #..# #..#
#..# #..# #..#
#..#


There were no monsters in sight!

Vanquished Creatures
  An ugly thing (D:7)
  A cyclops (D:8)
  Maggie (D:7)
  Grinder (D:3)
  Sigmund (D:2)
  A wyvern (D:9)
  5 yaks (D:8)
  Menkaure (D:6)
  A steam dragon (D:7)
  An acid dragon (D:10)
  A water moccasin (D:6)
  An ice beast (D:6)
  6 orc warriors
  3 sky beasts
  A black bear (D:6)
  2 ogres
  3 centaurs
  2 gnoll sergeants (D:8)
  2 scorpions
  6 killer bees (D:9)
  13 wights
  9 howler monkeys
  A bullfrog zombie (D:6)
  4 centaur zombies
  2 hounds
  2 jellies (D:5)
  3 orc priests
  Crazy Yiuf (D:3)
  3 centaur skeletons
  3 iguanas
  Ijyb (D:5)
  Terence (D:2)
  7 orc wizards
  A killer bee zombie (D:5)
  A hound skeleton (D:5)
  2 howler monkey zombies
  Robin (D:2)
  6 adders
  18 gnolls
  A white imp (D:5)
  An ufetubus (D:5)
  An adder skeleton (D:4)
  A worm (D:5)
  2 dart slugs
  28 orcs
  4 endoplasms
  2 giant cockroaches
  13 goblins
  7 hobgoblins
  3 ball pythons
  3 bats
  3 frilled lizards (D:1)
  5 kobolds (D:1)
  5 rats
199 creatures vanquished.

Notes
Turn   | Place    | Note
-------+----------+-------------------------------------------
     0 | D:1      | LustLizard the Minotaur Berserker began the quest for the
                  | Orb.
     0 | D:1      | Reached XP level 1. HP: 19/19 MP: 0/0
    61 | D:1      | Reached skill level 4 in Axes
   175 | D:1      | Reached XP level 2. HP: 26/27 MP: 1/1
   422 | D:1      | Found a faded altar of an unknown god.
   727 | D:1      | Reached skill level 1 in Throwing
   892 | D:2      | Noticed Terence
   899 | D:2      | Killed Terence
   900 | D:2      | Reached skill level 1 in Shields
   900 | D:2      | Reached XP level 3. HP: 33/33 MP: 2/2
   962 | D:2      | Noticed Sigmund
   975 | D:2      | Killed Sigmund
   976 | D:2      | Reached skill level 5 in Axes
   976 | D:2      | Reached XP level 4. HP: 19/41 MP: 3/3
   976 | D:2      | Reached XP level 5. HP: 22/47 MP: 4/4
  1233 | D:2      | Found a glowing silver altar of Zin.
  1748 | D:2      | Identified the +1 helmet "Ucuami" {Harm Rampage Stlth+}
  1748 | D:2      | Noticed Robin
  1759 | D:2      | Killed Robin
  1764 | D:2      | Reached XP level 6. HP: 53/53 MP: 5/5
  2320 | D:3      | Found a hide-covered altar of Uskayaw.
  2362 | D:3      | Found a hazy altar of Hepliaklqana.
  2452 | D:3      | Found a runed translucent door.
  2453 | D:3      | Noticed Crazy Yiuf
  2464 | D:3      | Killed Crazy Yiuf
  2630 | D:3      | Noticed Grinder
  2637 | D:3      | Paralysed by Grinder for 3 turns
  2643 | D:3      | Killed Grinder
  2644 | D:3      | Reached skill level 5 in Fighting
  2644 | D:3      | Reached skill level 6 in Axes
  2644 | D:3      | Reached XP level 7. HP: 54/61 MP: 6/6
  3187 | D:4      | Found a burning altar of Makhleb.
  4059 | D:5      | Entered Level 5 of the Dungeon
  4059 | D:5      | Found Hoihapn's Magic Scroll Boutique.
  4067 | D:5      | Bought 2 scrolls of identify for 60 gold pieces
  4067 | D:5      | Bought a scroll of identify for 30 gold pieces
  4067 | D:5      | Bought a scroll of teleportation for 45 gold pieces
  4067 | D:5      | Bought a scroll of identify for 30 gold pieces
  4067 | D:5      | Bought a scroll of identify for 30 gold pieces
  4368 | D:5      | Noticed Ijyb
  4381 | D:5      | Killed Ijyb
  4797 | D:5      | Reached skill level 5 in Shields
  5035 | D:5      | Reached skill level 7 in Axes
  5142 | D:5      | Reached skill level 1 in Evocations
  5198 | D:5      | Reached XP level 8. HP: 69/69 MP: 7/7
  5371 | D:5      | Reached ** piety under Trog
  5707 | D:6      | Found an opulent altar of Gozag.
  5783 | D:6      | HP: 2/96 [wight (10)]
  5786 | D:6      | Reached skill level 5 in Throwing
  6145 | D:6      | Noticed Menkaure
  6153 | D:6      | Killed Menkaure
  6522 | D:6      | Reached skill level 8 in Axes
  6681 | D:6      | Found a staircase to the Ecumenical Temple.
  7194 | D:7      | Reached XP level 9. HP: 75/75 MP: 8/8
  7635 | D:7      | Noticed Maggie
  7646 | D:7      | Killed Maggie
  7717 | D:7      | Noticed a cyan ugly thing
  8293 | D:7      | Killed a cyan ugly thing
  8294 | D:7      | Reached skill level 9 in Axes
  9446 | D:8      | Noticed a cyclops
  9454 | D:8      | Killed a cyclops
  9455 | D:8      | Reached XP level 10. HP: 86/86 MP: 9/9
  9567 | D:8      | Reached skill level 5 in Evocations
  9593 | D:8      | Reached skill level 10 in Axes
  9976 | D:8      | Found a sparkling altar of Nemelex Xobeh.
 10978 | D:9      | You fall into a shaft and drop 3 floors!
 11010 | D:12     | Reached *** piety under Trog
 11020 | D:12     | Found a staircase to the Orcish Mines.
 11024 | D:12     | HP: 4/88 [something (3)]
 11223 | D:12     | Noticed a seven-headed hydra
 11266 | D:10     | Entered Level 10 of the Dungeon
 13736 | D:10     | Found a glowing golden altar of the Shining One.
 13755 | D:10     | HP: 1/132 [something (6)]
 13756 | D:10     | Mangled by a vampire

Illustrated notes

Levels and vault maps discovered:
D:1:      minmay_arrival_radiant_lines, layout_rooms,
          shapermc_ecumenical_altar_totnotflames, minmay_hexomino_f4
D:2:      layout_loops_cross, basic_altar, uniq_sigmund, uniq_robin,
          uniq_terence
D:3:      layout_basic, nicolae_uskayaw_suspiria,
          mainiacjoe_overflow_cross_hatched, uniq_crazy_yiuf_cottage,
          uniq_grinder
D:4:      layout_basic, makhleb_heckhound_becter, columned_hall_lemuel
D:5:      layout_basic, serial_bayou_pond_b, nicolae_stop_n_shop_2,
          kennysheep_small_circle, uniq_ijyb
D:6:      layout_basic, grunt_gozag_breadcrumbs, minmay_temple_entry_junction_2,
          uniq_menkaure
D:7:      layout_loops_corners, uniq_maggie
D:8:      layout_basic, mainiacjoe_overflow_alcove_4
D:9:      layout_stronghold
D:10:     layout_long_grid, lemuel_round_altar
D:11:     layout_loops_cross, lair_entry_dummy, chequers_serial_rivers_room_a
D:12:     evilmike_diamond_1, layout_loops_ring, david_orc_3,
          kennysheep_big_empty_room

Skill      XL: |  1  2  3  4  5  6  7  8  9 10 |
---------------+-------------------------------+-----
Axes           | 4 5 6 7 8 9 10 | 10.8
Fighting       | 4 5 6 7 8 |  8.0
Throwing       | 1 2 3 4 5 7 8 |  8.3
Shields        | 1 2 3 4 5 6 7 8 |  8.5
Evocations     | 1 3 4 6 |  6.3
Armour         | |  2.4
Dodging        | |  2.1

Action                   |  1- 3 |  4- 6 |  7- 9 | 10-12 || total
-------------------------+-------+-------+-------+-------++-------
Melee: Hand axe          |    47 |       |   126 |    31 ||   204
       Headbutt          |     7 |     5 |    48 |    31 ||    91
       Mace              |     9 |    59 |   118 |       ||   186
       Punch             |       |       |     2 |       ||     2
       War axe           |       |       |       |   169 ||   169
Throw: Stone             |     8 |    26 |   112 |    29 ||   175
       Dart              |       |       |    12 |     3 ||    15
Invok: Berserk           |     2 |     3 |     6 |     3 ||    14
       Trog's Hand       |       |       |     2 |     2 ||     4
  Use: Scroll            |       |       |    13 |       ||    13
       Potion            |       |       |     2 |     2 ||     4
 Stab: Invisible         |       |       |     2 |       ||     2
Armor: Animal skin       |     8 |       |       |       ||     8
       Ring mail         |     2 |       |       |       ||     2
       Scale mail        |     3 |    16 |    74 |    45 ||   138
       Chain mail        |       |       |       |    69 ||    69
Dodge: Dodged            |    32 |    27 |   130 |    75 ||   264
Block: Buckler           |       |       |     3 |    49 ||    52
